 Dungeon Crawl Stone Soup version 0.27.1-33-g824d729ab1 (webtiles) character file.

Game seed: 15984841743593225572

1367 msanit the Conjurer (level 8, -5/58 HPs)
             Began as a Gnoll Conjurer on Nov 25, 2021.
             Was an Initiate of Vehumet.
             Slain by a steam dragon (8 damage)
             ... on level 6 of the Dungeon.
             The game lasted 00:18:57 (7337 turns).

msanit the Conjurer (Gnoll Conjurer)                Turns: 7337, Time: 00:18:57

Health: -5/58      AC:  4    Str: 16    XL:     8   Next: 65%
Magic:  15/17      EV: 13    Int: 17    God:    Vehumet [......]
Gold:   265        SH:  0    Dex: 10    Spells: 13/19 levels left

rFire    . . .     SeeInvis .   D - +2 short sword (elec)
rCold    . . .     Faith    .   (no shield)
rNeg     . . .     Spirit   .   y - +0 robe {Archmagi}
rPois    +         Reflect  .   (no helmet)
rElec    .         Harm     .   C - +1 cloak
rCorr    .         Rampage  .   (no gloves)
Will     .....     Archmagi +   (no boots)
Stlth    +++.......             f - amulet of the acrobat
HPRegen  0.19/turn              q - +6 ring of strength
MPRegen  0.15/turn              k - ring of poison resistance

@: flying, hasted, studying Short Blades, very quick
A: fangs 1, strong nose, distributed training
a: Renounce Religion


You were on level 6 of the Dungeon.
You worshipped Vehumet.
Vehumet was noncommittal.
You visited 2 branches of the dungeon, and saw 7 of its levels.
You also visited: Sewer.

You collected 265 gold pieces.

Inventory:

Hand Weapons
 e - a +0 dagger
 D - a +2 short sword of electrocution (weapon)
Missiles
 c - 18 poisoned darts
 v - 102 stones
Armour
 a - a +0 robe
 h - a +0 ring mail
 y - a +0 robe of the Archmagi (worn)
 C - a +1 cloak (worn)
 E - a +2 ring mail of cold resistance
Magical Staves
 l - a staff of fire
Jewellery
 f - an amulet of the acrobat (around neck)
 g - a ring of protection from fire
 k - a ring of poison resistance (right hand)
 q - a +6 ring of strength (left hand)
Wands
 t - a wand of acid (9)
Scrolls
 b - a scroll of immolation
 d - a scroll of brand weapon
 i - a scroll of teleportation
 j - 2 scrolls of amnesia
 o - 2 scrolls of blinking {unknown}
 r - 2 scrolls of noise
 u - a scroll of enchant weapon {unknown}
 w - a scroll of fear {unknown}
Potions
 m - a potion of flight
 n - a potion of brilliance {unknown}
 p - a potion of haste
 s - a potion of ambrosia {unknown}
 x - 2 potions of heal wounds {unknown}
 z - a potion of resistance {unknown}
 A - a potion of cancellation {unknown}
 B - a potion of lignification {unknown}


   Skills:
 + Level 3.4 Fighting
 + Level 3.9 Short Blades
 + Level 3.4 Long Blades
 + Level 3.4 Axes
 + Level 3.4 Maces & Flails
 + Level 3.4 Polearms
 + Level 3.4 Staves
 + Level 3.4 Slings
 + Level 3.4 Bows
 + Level 3.4 Crossbows
 + Level 3.4 Throwing
 + Level 3.4 Armour
 + Level 5.8 Dodging
 + Level 5.5 Stealth
 + Level 3.4 Shields
 + Level 3.4 Unarmed Combat
 + Level 6.1 Spellcasting
 + Level 7.7 Conjurations
 + Level 2.8 Hexes
 + Level 2.8 Summonings
 + Level 2.8 Necromancy
 + Level 2.8 Translocations
 + Level 2.8 Transmutations
 + Level 2.8 Fire Magic
 + Level 2.8 Ice Magic
 + Level 2.8 Air Magic
 + Level 2.8 Earth Magic
 + Level 2.8 Poison Magic
 + Level 3.8 Invocations
 + Level 3.4 Evocations


You had 13 spell levels left.
You knew the following spells:

 Your Spells              Type           Power      Damage    Failure   Level
a - Magic Dart            Conj           100%       1d8       1%          1
b - Searing Ray           Conj           94%        3d6       1%          2
c - Dazzling Flash        Conj/Hex       68%        N/A       4%          3

Your spell library contained the following spells:

 Spells                   Type           Power      Damage    Failure   Level
 Corona                   Hex            24%        N/A       4%          1
 Summon Small Mammal      Summ           88%        N/A       4%          1
 Ensorcelled Hibernation  Hex/Ice        44%        N/A       6%          2
 Call Canine Familiar     Summ           22%        N/A       12%         3
 Portal Projectile        Hex/Tloc       44%        N/A       12%         3
 Tukima's Dance           Hex            22%        N/A       12%         3
 Fulminant Prism          Conj/Hex       17%        3d11      14%         4
 Iskenderun's Mystic Bla  Conj/Tloc      34%        2d8       14%         4
 Blade Hands              Tmut           11%        N/A       73%         5
 Excruciating Wounds      Necr           11%        N/A       73%         5
 Simulacrum               Ice/Necr       11%        N/A       99%         6
 Dragon's Call            Summ           11%        N/A       100%        9


Dungeon Overview and Level Annotations

Branches:
Dungeon (6/15)             Temple (1/1) D:5           Sewer (visited)

Altars:
Ashenzari
Dithmenos
Elyvilon
Fedhas
Gozag
Hepliaklqana
Kikubaaqudgha
Makhleb
Nemelex Xobeh
Okawaru
Qazlal
Trog
Uskayaw
Vehumet
Wu Jian
Xom
Yredelemnul
Zin
Jiyva

Shops:
D:4 *


Innate Abilities, Weirdness & Mutations

You have very sharp teeth.
Your uncanny sense of smell can sniff out nearby items.
Your experience applies equally to all skills.


Message History

Vehumet welcomes you!
You open the door.
There is an open door here.
A steam dragon comes into view.
A steam dragon is nearby!
The helpless steam dragon fails to defend itself.
You puncture the steam dragon!
The steam dragon is heavily wounded.
The steam dragon bites you but does no damage.
The steam dragon claws you but does no damage.
You completely miss the steam dragon.
You punch the steam dragon, but do no damage.
The steam dragon is heavily wounded.
The steam dragon breathes steam at you. The ball of steam hits you!
You closely miss the steam dragon.
The steam dragon is heavily wounded.
You are engulfed in a cloud of scalding steam.
The steam dragon bites you! The steam dragon completely misses you.
Casting: Magic Dart (safe; 1% risk of failure)
Confirm with . or Enter, or press ? or * to list all spells.
Aiming: Searing Ray (safe; 1% risk of failure)
Press: ? - help, Shift-Dir - straight line, f - steam dragon
Aim: a steam dragon (heavily wounded, 82% to hit)
You feel a surge of power!
The searing ray hits the steam dragon!
The steam dragon is severely wounded. (Press . to maintain the ray.)
You are engulfed in a cloud of scalding steam.
The steam dragon breathes steam at you. The ball of steam hits you!!
* * * LOW HITPOINT WARNING * * *
Unknown command.
It was a potion of flight.
You feel very buoyant.
You fly up into the air.
The steam dragon bites you.
* * * LOW HITPOINT WARNING * * *
The steam dragon claws you but does no damage.
It was a potion of haste.
You feel yourself speed up. The steam dragon bites you!
You die...

...........#
##'####.####.#
.....##....... ∆
......##.###.#
......#...##.#
.._...'.#.##.#
......###.##.# #
......###.##.#####.#
.....###......§§@D.#
##'#####...#.#######
..............#
..##.###.#.#..#
..##.# #.#....#
..##.# #........
..##.# ####..##..
..##.# #..# ..
..##.#


You could see a steam dragon (catching breath).

Vanquished Creatures
  Duvessa (D:5)
  A sky beast (D:5)
  A centaur (D:6)
  2 phantoms (D:5)
  4 kobold brigands (Sewer)
  A bullfrog (D:5)
  2 scorpions
  Dowan (D:5)
  A crimson imp (D:5)
  2 bullfrog zombies
  A gnoll shaman (D:5)
  2 bullfrog skeletons (D:5)
  An iguana (D:6)
  3 gnolls (D:5)
  3 river rats
  9 adders
  An ufetubus (D:5)
  4 worms (Sewer)
  A dart slug (D:1)
  3 orcs
  7 bats
  7 endoplasms
  A giant cockroach (D:3)
  3 goblins
  2 hobgoblins
  5 jackals
  4 quokkas
  10 ball pythons
  3 frilled lizards
  9 kobolds
  15 rats
110 creatures vanquished.

Vanquished Creatures (others)
  2 plants (D:5)
2 creatures vanquished.

Grand Total: 112 creatures vanquished

Notes
Turn   | Place    | Note
-------+----------+-------------------------------------------
     0 | D:1      | msanit the Gnoll Conjurer began the quest for the Orb.
     0 | D:1      | Reached XP level 1. HP: 13/13 MP: 6/6
   127 | D:1      | Found a faded altar of an unknown god.
   174 | D:1      | Reached XP level 2. HP: 19/19 MP: 4/7
   625 | D:1      | Reached XP level 3. HP: 25/25 MP: 3/9
   706 | D:1      | Reached skill level 5 in Spellcasting
  1436 | D:2      | Reached skill level 1 in Invocations
  1523 | D:2      | Learned a level 2 spell: Searing Ray
  1712 | D:2      | Found a sparkling altar of Nemelex Xobeh.
  2033 | D:3      | Reached skill level 1 in Fighting
  2033 | D:3      | Reached skill level 1 in Short Blades
  2033 | D:3      | Reached skill level 1 in Long Blades
  2033 | D:3      | Reached skill level 1 in Axes
  2033 | D:3      | Reached skill level 1 in Maces & Flails
  2033 | D:3      | Reached skill level 1 in Polearms
  2033 | D:3      | Reached skill level 1 in Staves
  2033 | D:3      | Reached skill level 1 in Slings
  2033 | D:3      | Reached skill level 1 in Bows
  2033 | D:3      | Reached skill level 1 in Crossbows
  2033 | D:3      | Reached skill level 1 in Throwing
  2033 | D:3      | Reached skill level 1 in Armour
  2033 | D:3      | Reached skill level 1 in Shields
  2033 | D:3      | Reached skill level 1 in Unarmed Combat
  2033 | D:3      | Reached skill level 1 in Evocations
  2157 | D:3      | Found an iron altar of Okawaru.
  2258 | D:3      | Found a hide-covered altar of Uskayaw.
  2292 | D:3      | Reached XP level 4. HP: 32/32 MP: 8/11
  2547 | D:3      | Found a bloodstained altar of Trog.
  2970 | D:3      | Noticed a scorpion
  2975 | D:3      | Killed a scorpion
  2976 | D:3      | Reached skill level 1 in Hexes
  2976 | D:3      | Reached skill level 1 in Summonings
  2976 | D:3      | Reached skill level 1 in Necromancy
  2976 | D:3      | Reached skill level 1 in Translocations
  2976 | D:3      | Reached skill level 1 in Transmutations
  2976 | D:3      | Reached skill level 1 in Fire Magic
  2976 | D:3      | Reached skill level 1 in Ice Magic
  2976 | D:3      | Reached skill level 1 in Air Magic
  2976 | D:3      | Reached skill level 1 in Earth Magic
  2976 | D:3      | Reached skill level 1 in Poison Magic
  2976 | D:3      | Reached XP level 5. HP: 37/37 MP: 5/12
  3557 | D:4      | Found Ezus's Assorted Antiques.
  4130 | D:5      | Entered Level 5 of the Dungeon
  4139 | D:5      | Found a blossoming altar of Fedhas.
  4170 | D:5      | Noticed a sky beast
  4230 | D:5      | Found a staircase to the Ecumenical Temple.
  4230 | D:5      | Noticed Dowan
  4261 | D:4      | Learned a level 3 spell: Dazzling Flash
  4263 | D:5      | Found a glowing drain.
  4282 | Sewer    | Entered a sewer
  4352 | Sewer    | Noticed a kobold brigand
  4361 | Sewer    | Killed a kobold brigand
  4362 | Sewer    | Reached skill level 5 in Dodging
  4362 | Sewer    | Reached XP level 6. HP: 44/44 MP: 3/14
  4906 | Sewer    | Reached XP level 7. HP: 50/50 MP: 7/15
  5789 | D:5      | Reached skill level 5 in Stealth
  5968 | D:5      | Reached XP level 8. HP: 42/57 MP: 8/16
  6039 | D:5      | Noticed Duvessa
  6040 | D:5      | Killed Dowan
  6324 | D:5      | Found a sparkling altar of Nemelex Xobeh.
  6630 | D:5      | Found a burning altar of Makhleb.
  6666 | Temple   | Entered the Ecumenical Temple
  6937 | D:5      | Killed Duvessa
  7168 | D:6      | Got the Disquisition on Necromancy and the Entourage
  7234 | D:6      | Found a radiant altar of Vehumet.
  7313 | D:6      | Became a worshipper of Vehumet
  7337 | D:6      | Slain by a steam dragon

Illustrated notes

Levels and vault maps discovered:
D:1:      dpeg_arrival_ternary, layout_basic,
          hellmonk_ecumenical_altar_inner_sanctum, minmay_vboxes
D:2:      layout_loops_cross, basic_altar
D:3:      layout_loops_corners, trog_butcher_becter, old_standard_altar,
          okawaru_ov_weapons_minmay
D:4:      layout_loops_cross, serial_shops, nicolae_lakefront_shop,
          lemuel_flame_loot_1
D:5:      layout_cave_pools, nemelex_spade_bored_becter, makhleb_grotto_becter,
          fedhas_ov_isle_minmay, minmay_temple_entry_purple_smoke,
          portal_sewer_entry_a, uniq_duvessa
D:6:      layout_basic, nicolae_vehumet_altar_sigil, overflow_temple_1_default,
          lightli_orcish_oven
Temple:   pf_slimified_temple

Skill      XL: |  1  2  3  4  5  6  7  8 |
---------------+-------------------------+-----
Spellcasting   | 5 6 |  6.1
Invocations    | 1 2 3 |  3.8
Fighting       | 1 2 3 |  3.4
Short Blades   | 1 2 3 |  3.9
Long Blades    | 1 2 3 |  3.4
Axes           | 1 2 3 |  3.4
Maces & Flails | 1 2 3 |  3.4
Polearms       | 1 2 3 |  3.4
Staves         | 1 2 3 |  3.4
Slings         | 1 2 3 |  3.4
Bows           | 1 2 3 |  3.4
Crossbows      | 1 2 3 |  3.4
Throwing       | 1 2 3 |  3.4
Armour         | 1 2 3 |  3.4
Shields        | 1 2 3 |  3.4
Unarmed Combat | 1 2 3 |  3.4
Evocations     | 1 2 3 |  3.4
Hexes          | 1 2 |  2.8
Summonings     | 1 2 |  2.8
Necromancy     | 1 2 |  2.8
Translocations | 1 2 |  2.8
Transmutations | 1 2 |  2.8
Fire Magic     | 1 2 |  2.8
Ice Magic      | 1 2 |  2.8
Air Magic      | 1 2 |  2.8
Earth Magic    | 1 2 |  2.8
Poison Magic   | 1 2 |  2.8
Dodging        | 5 |  5.8
Stealth        | 5 |  5.5
Conjurations   | |  7.7

Action                   |  1- 3 |  4- 6 |  7- 9 || total
-------------------------+-------+-------+-------++-------
Melee: Dagger            |       |    15 |       ||    15
       Short sword       |       |       |    12 ||    12
       Punch             |       |       |     1 ||     1
 Cast: Magic Dart        |    73 |    73 |   101 ||   247
       Searing Ray       |     1 |    12 |    15 ||    28
  Use: Scroll            |       |     5 |       ||     5
       Potion            |       |       |     2 ||     2
 Stab: Sleeping          |       |       |     1 ||     1
Armor: Robe              |     1 |     4 |     5 ||    10
Dodge: Dodged            |     2 |    25 |    30 ||    57
